 Dungeon Crawl Stone Soup version 0.30-a0-123-g91d0c66ccf (webtiles) character file.

Game seed: 13882052519883854381

111 Klosterheim the Vexing (level 5, 0/39 HPs)
             Began as a Formicid Hexslinger on Sept 17, 2022.
             Slain by a quokka (4 damage)
             ... on level 3 of the Dungeon.
             The game lasted 00:09:50 (1924 turns).

Klosterheim the Vexing (Formicid Hexslinger)        Turns: 1924, Time: 00:09:51

Health: 0/39       AC:  3    Str: 14    XL:     5   Next: 15%
Magic:  8/8        EV: 12    Int: 15    God:
Gold:   167        SH:  0    Dex: 14    Spells: 7/8 levels left

rFire   . . .      SeeInvis +    a - +2 sling
rCold   . . .      Faith    .    (no shield)
rNeg    . . .      Spirit   .    c - +1 robe
rPois   .          Reflect  .    (helmet unavailable)
rElec   .          Harm     .    (no cloak)
rCorr   .          Rampage  .    (no gloves)
Will    .....                    (no boots)
Stlth   +.........               (no amulet)
HPRegen 0.13/turn                (no ring)
MPRegen 0.11/turn                (no ring)

@: no status effects
A: permanent stasis, dig shafts and tunnels, antennae 3, four strong arms
a: Dig, Shaft Self


You were on level 3 of the Dungeon.
You visited 1 branch of the dungeon, and saw 3 of its levels.

You collected 167 gold pieces.

Inventory:

Hand Weapons
 a - a +2 sling (weapon)
Armour
 c - a +1 robe (worn)
Jewellery
 i - a +4 ring of protection
Scrolls
 b - a scroll of poison
 f - 2 scrolls of amnesia
Potions
 d - a potion of curing
 e - a potion of might
 g - a potion of attraction
 h - a potion of invisibility {unknown}
 k - a potion of brilliance


   Skills:
 + Level 2.3 Fighting
 * Level 3.3 Ranged Weapons
 - Level 2.0 Dodging
 - Level 2.0 Spellcasting
 + Level 4.4 Hexes


You had 7 spell levels left.
You knew the following spells:

 Your Spells              Type           Power      Damage    Failure   Level
a - Slow                  Hex            56%        N/A       3%          1

Your spell library contained the following spells:

 Spells                   Type           Power      Damage    Failure   Level
 Inner Flame              Hex/Fire       8%         N/A       26%         3
 Portal Projectile        Hex/Tloc       16%        N/A       26%         3
 Cause Fear               Hex            7%         N/A       34%         4
 Freezing Cloud           Conj/Ice/Air   0%         6-21      99%         5
 Simulacrum               Ice/Necr       0%         N/A       100%        6
 Polar Vortex             Ice            0%         N/A       100%        9


Dungeon Overview and Level Annotations

Branches:
Dungeon (3/15)

Altars:


Innate Abilities, Weirdness & Mutations

You cannot be hasted, slowed, berserked, paralysed or teleported.
You can dig through walls and to a lower floor.
You have a pair of large antennae on your head. (SInv)
Your four strong arms can wield two-handed weapons with a shield.


Message History

Magic restored.
You hear the slow rusting of a drain nearby.
You start resting.
A quokka comes into view.
A quokka is nearby!
Okay, then.
Aiming: Slow (safe; 3% risk of failure)
Press: ? - help, Q - select action, (/) - cycle Shift-Dir - straight line, f - quokka
Aim: a quokka (wandering, hasn't noticed you, chance to affect: 71%)
Okay, then.
You are too injured to fight recklessly!
Casting: Slow (safe; 3% risk of failure)
Confirm with . or Enter, or press ? or * to list all spells.
Aiming: Slow (safe; 3% risk of failure)
Press: ? - help, Shift-Dir - straight line, f - quokka
Aim: a quokka (wandering, hasn't noticed you, chance to affect: 71%)
The quokka seems to slow down.
The quokka bites you but does no damage.
You shoot a sling bullet. The sling bullet misses the quokka.
The quokka bites you.
* * * LOW HITPOINT WARNING * * *
You shoot a sling bullet.
The sling bullet closely misses the quokka.
The quokka bites you but does no damage.
You shoot a sling bullet. The sling bullet misses the quokka.
The quokka misses you.
You shoot a sling bullet. The sling bullet misses the quokka.
The quokka closely misses you.
You shoot a sling bullet.
The sling bullet closely misses the quokka.
The quokka bites you.
* * * LOW HITPOINT WARNING * * *
You shoot a sling bullet. The sling bullet hits the quokka.
The quokka is moderately wounded.
The quokka closely misses you.
You shoot a sling bullet.
The sling bullet hits the quokka but does no damage.
The quokka is lightly wounded.
The quokka bites you.
You die...

.#.###)...###......#
...........'......#...
#....###.###....###...
#.............#.......
............)..#.......
.###.##..................
.....##..................
...†......r.###..........
.....##....@###+#........
.........................
.......................##.
.........................
..................###...#
...####.###.#+#+### #...# #
##.####.# #.#.#.# #...#.#
........###.#.#.#####...#.#.
#######.....................


You could see a quokka (slow).

Vanquished Creatures
  Robin (D:2)
  3 adders
  2 dart slugs (D:1)
  An orc (D:3)
  5 bats
  3 endoplasms
  16 goblins
  6 hobgoblins
  6 jackals (D:1)
  3 quokkas
  7 ball pythons
  3 frilled lizards
  3 kobolds
  5 rats
64 creatures vanquished.

Notes
Turn   | Place    | Note
-------+----------+-------------------------------------------
     0 | D:1      | Klosterheim the Formicid Hexslinger began the quest for the
                  | Orb.
     0 | D:1      | Reached XP level 1. HP: 15/15 MP: 2/2
   131 | D:1      | Reached XP level 2. HP: 8/21 MP: 3/3
   486 | D:1      | Reached XP level 3. HP: 26/26 MP: 3/5
   620 | D:1      | Reached skill level 4 in Hexes
  1199 | D:2      | Reached XP level 4. HP: 33/33 MP: 4/6
  1244 | D:2      | Noticed Robin
  1411 | D:2      | Killed Robin
  1856 | D:3      | Reached XP level 5. HP: 24/38 MP: 8/8
  1924 | D:3      | Slain by a quokka

Illustrated notes

Levels and vault maps discovered:
D:1:      lemuel_arrival_lava_pool, layout_rooms, columned_hall_lemuel
D:2:      layout_basic, uniq_robin
D:3:      layout_basic, mainiacjoe_overflow_two_lobes, portal_sewer_entry_c

Skill      XL: |  1  2  3  4 |
---------------+-------------+-----
Dodging        | 2 |  2.0
Hexes          | 4 |  4.4
Fighting       | 2 |  2.3
Spellcasting   | 2 |  2.0
Ranged Weapons | 3 |  3.3

Action                   |  1- 3 |  4- 6 || total
-------------------------+-------+-------++-------
 Fire: Sling             |   101 |    94 ||   195
 Cast: Slow              |     8 |     7 ||    15
  Use: Scroll            |     8 |     2 ||    10
       Potion            |       |     1 ||     1
Armor: Robe              |     7 |    21 ||    28
Dodge: Dodged            |    30 |    45 ||    75

Table legend: (Time is in decaauts)
 A = Elapsed time spent in this place.
 B = Non-inter-level travel time spent in this place.
 C = Inter-level travel time spent in this place.
 D = Time resting spent in this place.
 E = Time spent auto-exploring this place.
 F = Levels seen in this place.
 G = Mean time per level.
                   A        B        C        D        E       F      G
               +--------+--------+--------+--------+--------+-----+--------+
         Total |   1976 |   1869 |    107 |    652 |    824 |   3 |  658.7 |
       Dungeon |   1976 |   1869 |    107 |    652 |    824 |   3 |  658.7 |
               +--------+--------+--------+--------+--------+-----+--------+

Top non-repeatable levels by time:
     D:2: 1058 daAuts
     D:1: 778 daAuts
     D:3: 139 daAuts
